 Dungeon Crawl Stone Soup version 0.32-a0-576-g706899e69d (webtiles) character file.

Game seed: 6256174535715598919

1151 Dittersdorf the Covered (level 8, 0/51 HPs)
             Began as a Gargoyle Fighter on Mar 1, 2024.
             Blown up by Ijyb (6 damage)
             ... with a mindburst bolt
             ... on level 5 of the Dungeon.
             The game lasted 00:07:14 (4919 turns).

Dittersdorf the Covered (Gargoyle Fighter)          Turns: 4919, Time: 00:07:14

Health: 0/51       AC: 17    Str: 22    XL:     8   Next: 38%
Magic:  8/8        EV:  9    Int:  9    God:
Gold:   1852       SH: 11    Dex:  9    Spells: 7/7 levels left

rFire   . . .        a - +0 flail
rCold   . . .        c - +1 buckler
rNeg    + . .        b - +0 scale mail
rPois   ∞            i - +0 helmet
rElec   +            (no cloak)
rCorr   .            q - +0 pair of gloves
SInv    .            m - +0 pair of boots
Will    .....        r - amulet of reflection Stlth
                     (no ring)
HPRegen 0.28/turn    (no ring)
MPRegen 0.11/turn

%: reflection
@: no status effects
A: sickness immunity, AC +5, negative energy resistance 1, electricity
resistance, torment resistance 1, petrification resistance
a: no special abilities


You were on level 5 of the Dungeon.
You visited 1 branch of the dungeon, and saw 5 of its levels.
You also visited: Sewer.

You collected 1852 gold pieces.

Inventory:

Hand Weapons
 a - a +0 flail (weapon)
Armour
 b - a +0 scale mail (worn)
 c - a +1 buckler (worn)
 i - a +0 helmet (worn)
 m - a +0 pair of boots (worn)
 q - a +0 pair of gloves (worn)
 v - the +7 plate armour of Untruth {rC+ Regen+ rCorr}
   (You acquired it on level 4 of the Dungeon)

   rC+:       It protects you from cold.
   Regen+:    It increases your rate of health regeneration.
   rCorr:     It protects you from acid and corrosion.
Jewellery
 g - a ring of ice
 r - an amulet of reflection (around neck)
Scrolls
 h - 3 scrolls of teleportation
 j - 3 scrolls of revelation {unknown}
 o - a scroll of fear {unknown}
 w - a scroll of poison {unknown}
 x - 2 scrolls of blinking {unknown}
 y - 3 scrolls of fog {unknown}
Potions
 d - a potion of might
 e - a potion of enlightenment {unknown}
 f - 2 potions of attraction {unknown}
 k - 5 potions of degeneration {unknown}
 l - a potion of lignification {unknown}
 n - 3 potions of curing {unknown}
 p - a potion of brilliance {unknown}
 s - a potion of magic {unknown}
 t - 3 potions of heal wounds {unknown}
 u - a potion of haste {unknown}


   Skills:
 + Level 6.2 Fighting
 + Level 5.2 Maces & Flails
 + Level 6.2 Armour
 + Level 6.2 Shields


You had 7 spell levels left.
You didn't know any spells.
Your spell library was empty.

Dungeon Overview and Level Annotations

Branches:
Dungeon (5/15)              Sewer (visited)
 Temple: D:4-7

Altars:

Annotations:
D:5 Ijyb


Innate Abilities, Weirdness & Mutations

You are immune to sickness and miasma.
Your stone body is resilient. (AC +5)
You are immune to poison.
You resist negative energy. (rN+)
You are resistant to electric shocks. (rElec)
You are resistant to unholy torment.
You are immune to petrification.


Message History

Ijyb is nearby!
Ijyb is nearby!
Ijyb is nearby!
Ijyb zaps a wand.
Your mind is blasted!
Ijyb zaps a wand.
Your mind is blasted!
Found 10 gold pieces.
Ijyb zaps a wand.
Your mind is blasted!
You hit Ijyb.
Ijyb is lightly wounded.
Ijyb hits you but does no damage.
You thump Ijyb!
Ijyb is severely wounded.
Ijyb zaps a wand.
Your mind is blasted!
* * * LOW HITPOINT WARNING * * *
You are too injured to fight recklessly!
You are too injured to fight recklessly!
You are too injured to fight recklessly!
You are too injured to fight recklessly!
You are too injured to fight recklessly!
You are too injured to fight recklessly!
You are too injured to fight recklessly!
You are too injured to fight recklessly!
You are too injured to fight recklessly!
You are too injured to fight recklessly!
You are too injured to fight recklessly!
You are too injured to fight recklessly!
You are too injured to fight recklessly!
You are too injured to fight recklessly!
You are too injured to fight recklessly!
You are too injured to fight recklessly!
You are too injured to fight recklessly!
You are too injured to fight recklessly!
You are too injured to fight recklessly!
You closely miss Ijyb.
Ijyb is severely wounded.
Ijyb zaps a wand.
Your mind is blasted!
* * * LOW HITPOINT WARNING * * *
Ijyb grins evilly.
Ijyb zaps a wand.
Your mind is blasted!
You die...
Ijyb screams, "Time for next experiment!"

####.## #..###..#
##..####..##.. .....
##..# #..####..##
##.###. ####. ...#
##..##..## ##..... #.
....# #......##
##...... #.
#..###......####.......
#...#.###....##.##..##
##....## ###....####..#
. ####......## ###.##
##.# .#
#.....#..@.#####..# #..
.# .......g##........##
##. ..
........###...####.##
#. ........#
#..#####..# ##.
..##....# #.........##
#.. # ###..#
#..........###.. ...#
#...####)....... ....
...## ###..###. $.... .
#..## #.


You could see Ijyb.

Vanquished Creatures
  Sigmund (D:5)
  Edmund (D:5)
  A water moccasin (D:5)
  An ogre (D:4)
  2 bullfrogs (Sewer)
  A scorpion (D:4)
  5 hounds
  3 orc priests
  A jelly (D:4)
  An orc wizard (D:4)
  10 adders
  A river rat (Sewer)
  A white imp (D:5)
  2 ufetubi (D:4)
  2 dart slugs (D:4)
  2 ribbon worms
  8 orcs
  7 endoplasms
  4 giant cockroaches
  6 goblins
  2 hobgoblins
  3 jackals (D:1)
  A quokka (D:1)
  13 ball pythons
  3 bats
  6 frilled lizards
  6 kobolds
  23 rats
117 creatures vanquished.

Notes
Turn   | Place    | Note
-------+----------+-------------------------------------------
     0 | D:1      | Dittersdorf the Gargoyle Fighter began the quest for the
                  | Orb.
     0 | D:1      | Reached XP level 1. HP: 14/14 MP: 1/1
   280 | D:1      | Reached XP level 2. HP: 19/19 MP: 2/2
   820 | D:2      | Reached XP level 3. HP: 20/23 MP: 3/3
  1946 | D:3      | Found a faded altar of an unknown god.
  2112 | D:3      | Reached XP level 4. HP: 29/29 MP: 4/4
  2336 | D:4      | Noticed an ogre
  2389 | D:4      | Reached XP level 5. HP: 33/33 MP: 5/5
  2393 | D:4      | Identified 3 scrolls of acquirement
  2393 | D:4      | Acquired 482 gold pieces
  2395 | D:4      | Acquired the +7 plate armour of Untruth {rC+ Regen+ rCorr}
  2397 | D:4      | Acquired 979 gold pieces
  2706 | D:4      | Killed an ogre
  2707 | D:4      | Reached XP level 6. HP: 39/39 MP: 6/6
  3396 | D:5      | Entered Level 5 of the Dungeon
  3576 | D:5      | Noticed Sigmund
  3593 | D:5      | Killed Sigmund
  3594 | D:5      | Reached skill level 5 in Fighting
  3594 | D:5      | Reached skill level 5 in Armour
  3594 | D:5      | Reached skill level 5 in Shields
  3594 | D:5      | Reached XP level 7. HP: 39/44 MP: 7/7
  3660 | D:5      | Found a glowing drain.
  3688 | Sewer    | Entered a sewer
  4365 | D:4      | Reached XP level 8. HP: 26/51 MP: 8/8
  4595 | D:5      | Noticed Edmund
  4611 | D:5      | Killed Edmund
  4612 | D:5      | Reached skill level 5 in Maces & Flails
  4910 | D:5      | Noticed Ijyb
  4919 | D:5      | Blown up by Ijyb

Illustrated notes

Levels and vault maps discovered:
D:1:      minmay_arrival_checkered_box, layout_basic
D:2:      layout_basic
D:3:      layout_basic, ebering_ecumenical_altar_webs
D:4:      layout_cave_pools, corexii_hall_statues_x
D:5:      layout_layer_cave, cheibrodos_sewer_entry_bend,
          nicolae_figureground_pulse, uniq_edmund, uniq_sigmund, uniq_ijyb

Skill      XL: |  1  2  3  4  5  6  7  8 |
---------------+-------------------------+-----
Armour         | 4 5 6 |  6.2
Shields        | 4 5 6 |  6.2
Fighting       | 4 5 6 |  6.2
Maces & Flails | 3 4 5 |  5.2

Action                     |  1- 3 |  4- 6 |  7- 9 || total
---------------------------+-------+-------+-------++-------
  Melee: Flail             |   140 |   132 |   256 ||   528
    Use: Scroll            |       |     9 |       ||     9
 Armour: Scale mail        |    96 |   123 |   314 ||   533
  Dodge: Dodged            |    85 |    68 |   141 ||   294
  Block: Buckler           |    23 |    83 |   258 ||   364
         Reflection        |       |       |     2 ||     2

Table legend: (Time is in decaauts)
 A = Elapsed time spent in this place.
 B = Non-inter-level travel time spent in this place.
 C = Inter-level travel time spent in this place.
 D = Time resting spent in this place.
 E = Time spent auto-exploring this place.
 F = Levels seen in this place.
 G = Mean time per level.
                   A        B        C        D        E       F      G
               +--------+--------+--------+--------+--------+-----+--------+
         Total |   5121 |   4930 |    191 |    444 |   2991 |   6 |  853.5 |
       Dungeon |   4513 |   4322 |    191 |    444 |   2678 |   5 |  902.6 |
         Sewer |    607 |    607 |      0 |      0 |    313 |   1 |  607.0 |
               +--------+--------+--------+--------+--------+-----+--------+

Top non-repeatable levels by time:
     D:4: 1115 daAuts
     D:3: 905 daAuts
     D:2: 837 daAuts
     D:1: 833 daAuts
     D:5: 821 daAuts
   Sewer: 607 daAuts
